 Dungeon Crawl Stone Soup version 0.15-a0-110-gb05c47c (webtiles) character file.

291 Sabsy the Cudgeler (level 4, -1/41 HPs)
             Began as a Minotaur Chaos Knight on Apr 10, 2014.
             Was a Plaything of Xom.
             Killed from afar by flinch's ghost (5 damage)
             ... with a magic dart
             ... on Level 3 of the Dungeon.
             The game lasted 00:07:19 (1435 turns).

Sabsy the Cudgeler (Minotaur Chaos Knight)          Turns: 1435, Time: 00:07:20

HP  -1/41        AC  5     Str 18      XL: 4   Next: 76%
MP   2/2         EV 11     Int  9      God: Xom
Gold 170         SH  0     Dex  9      Spells:  0 memorised,  3 levels left

rFire  x . .     SeeInvis .     a - +0 mace (chaos)
rCold  + . .     Clarity  .     b - +2 leather armour
rNeg   . . .     Conserve .     (no shield)
rPois  .         rCorr    .     (helmet restricted)
rElec  .         rRot     .     (no cloak)
SustAb . .       Spirit   .     (no gloves)
rMut   .         Warding  .     (no boots)
Saprov . . .     Stasis   .     (no amulet)
MR     +....                    e - ring of ice
                                n - ring of protection from magic

@: somewhat resistant to hostile enchantments, very unstealthy
A: retaliatory headbutt, horns 2
a: Renounce Religion


You were on level 3 of the Dungeon.
You worshipped Xom.
You were a toy of Xom.
You were not hungry.

You visited 1 branch of the dungeon, and saw 3 of its levels.

You collected 170 gold pieces.

Inventory:

Hand weapons
 a - a +0,+0 mace of chaos (weapon)
Missiles
 d - 17 stones (quivered)
Armour
 b - a +2 leather armour (worn)
Comestibles
 c - 5 bread rations
 g - 2 meat rations
Scrolls
 f - a scroll of enchant weapon II {unknown}
 h - 3 scrolls of remove curse
 i - a scroll of random uselessness
Jewellery
 e - a ring of ice (right hand)
 l - an uncursed ring of magical power
 n - a ring of protection from magic (left hand)
Potions
 j - a potion of resistance
 k - a potion of magic
 m - 2 potions of curing


   Skills:
 + Level 4.6 Fighting
 + Level 5.1 Maces & Flails
 + Level 2.8 Armour
 + Level 2.5 Dodging


You had 3 spell levels left.
You didn't know any spells.

Dungeon Overview and Level Annotations

Branches:
Dungeon (3/15)

Altars:

Annotations:
D:3 flinch's ghost, average TeCj


Innate Abilities, Weirdness & Mutations

You reflexively headbutt those who attack you in melee.
You have a pair of horns on your head.


Message History

There is an open door here.
You barely miss the kobold.
The kobold is severely wounded.
The kobold hits you but does no damage.
Flinch's ghost points at you and mumbles some strange words.
The orb of energy hits the kobold.
The kobold dies!
Xom thinks this is hilarious!
There's something blocking the doorway.
Flinch's ghost gestures at you while chanting.
The magic dart hits you!
Flinch's ghost says, "The agents of utter destruction are not stopped by death."
Flinch's ghost gestures at you while chanting.
The orb of energy hits you!
* * * LOW HITPOINT WARNING * * *
There is an open door here.
Flinch's ghost points at you and mumbles some strange words.
The magic dart hits you!
You die...
Xom roars with laughter!

#.#..#.####.##
#.#.#..........
#######.#).#.####.##
...........#.#
.######(.....#
#....#.# #.#.##.#
#.....)# ###@#### .
##'## . ##...## .#
##.....## #####.####
##.......###.........
#.........##.#...###.#
+.........p...........
#.........##.#.....#.#
##.......###.#.....#


You could see flinch's ghost.

Vanquished Creatures
  Ijyb (D:3)
  Terence (D:3)
  2 adders (D:2)
  A worm (D:2)
  A giant gecko (D:3)
  An orc (D:3)
  10 hobgoblins
  7 kobolds
  3 ball pythons
  9 bats
  2 giant cockroaches
  3 giant newts (D:1)
  6 goblins
  8 jackals (D:2)
  7 rats
62 creatures vanquished.

Vanquished Creatures (others)
  A kobold (D:3)
1 creature vanquished.

Grand Total: 63 creatures vanquished

Notes
Turn   | Place    | Note
--------------------------------------------------------------
     0 | D:1      | Sabsy, the Minotaur Chaos Knight, began the quest for the Orb.
     0 | D:1      | Reached XP level 1. HP: 19/19 MP: 1/1
    94 | D:1      | Reached skill level 4 in Maces & Flails
   155 | D:1      | Reached XP level 2. HP: 24/27 MP: 1/1
   520 | D:2      | Reached XP level 3. HP: 6/33 MP: 2/2
   621 | D:2      | XOM is BORED!
   621 | D:2      | XOM: silly message
   961 | D:2      | Reached XP level 4. HP: 39/41 MP: 2/2
  1192 | D:3      | Noticed Terence
  1197 | D:3      | Killed Terence
  1384 | D:3      | Noticed Ijyb
  1398 | D:3      | Reached skill level 5 in Maces & Flails
  1407 | D:3      | Killed Ijyb
  1423 | D:3      | Noticed flinch's ghost (average TeCj)
  1435 | D:3      | Killed from afar by flinch's ghost

Action                   |  1- 3 |  4- 6 || total
-------------------------+-------+-------++-------
Melee: Mace              |    96 |    46 ||   142
  Use: Potion            |     1 |     1 ||     2
       Scroll            |       |     4 ||     4
 Stab: Confused          |     1 |       ||     1
